 Dungeon Crawl Stone Soup version 0.30-a0-1161-g0704695555 (webtiles) character file.

Game seed: 17536221936983106730

53 ytrimaz the Shield-Bearer (level 3, 26/26 HPs)
             Began as an Octopode Fighter on Apr 27, 2023.
             Was a Follower of Vehumet.
             Quit the game on level 2 of the Dungeon.
             The game lasted 00:01:38 (1241 turns).

ytrimaz the Shield-Bearer (Octopode Fighter)        Turns: 1241, Time: 00:01:39

Health: 26/26      AC:  1    Str: 15    XL:     3   Next: 89%
Magic:  3/3        EV: 13    Int: 10    God:    Vehumet [*.....]
Gold:   32         SH:  5    Dex: 13    Spells: 2/2 levels left

rFire   . . .        a - +0 long sword
rCold   . . .        b - +0 buckler
rNeg    . . .        (helmet restricted)
rPois   .            (no amulet)
rElec   .            (no ring)
rCorr   .            (no ring)
SInv    .            (no ring)
Will    .....        (no ring)
Stlth   ++           (no ring)
HPRegen 0.24/turn    (no ring)
MPRegen 0.08/turn    (no ring)
                     (no ring)

%: no passive effects
@: no status effects
A: almost no armour, amphibious, 8 rings, camouflage 1, gelatinous body 1,
(nimble swimmer 1), tentacles
a: Renounce Religion


You were on level 2 of the Dungeon.
You worshipped Vehumet.
Vehumet was aware of your devotion.
You visited 1 branch of the dungeon, and saw 2 of its levels.

You collected 32 gold pieces.


Innate Abilities, Weirdness & Mutations

You cannot wear most types of armour.
You are amphibious.
You can wear up to eight rings at the same time.
Your skin changes colour to match your surroundings (Stealth+).
Your rubbery body absorbs attacks. (AC +1, EV +1)
((You are camouflaged when in or above water. (Stealth+)))
You have tentacles for arms and can constrict up to eight enemies at once.


   Skills:
 - Level 3.0 Fighting
 * Level 3.2 Long Blades
 - Level 3.0 Dodging
 * Level 3.9 Shields


You had 2 spell levels left.
You didn't know any spells.
Your spell library contained the following spells:

 Spells                   Type           Power      Damage    Failure   Level
 Magic Dart               Conj           0%         1d3       43%         1
 Volatile Blastmotes      Fire/Tloc      0%         2d10      82%         3
 Fulminant Prism          Conj/Hex       0%         3d5       99%         4
 Iskenderun's Mystic Bla  Conj/Tloc      0%         2d3       99%         4
 Lee's Rapid Deconstruct  Erth           0%         3d4*      100%        5

Inventory:

Hand Weapons
 a - a +0 long sword (weapon)
Armour
 b - a +0 buckler (worn)
Scrolls
 d - a scroll of immolation {unknown}
 f - a scroll of fear {unknown}
 g - a scroll of amnesia
 h - a scroll of torment
 i - a scroll of teleportation {unknown}
 k - a scroll of blinking {unknown}
 l - a scroll of fog {unknown}
 m - a scroll of noise {unknown}
Potions
 c - a potion of might
 e - a potion of flight
 j - a potion of degeneration
 n - a potion of ambrosia

Dungeon Overview and Level Annotations

Branches:
Dungeon (2/15) Zot: 10744

Altars:
Vehumet

..............##...#.......†..#
.......(....#####.............#
............# #♣♣♣..........#
............# ♣♣..♣.........#
............# ♣♣..♣♣.........##
............# ♣...♣..♣♣♣♣♣♣...#
##..........#
♣..♣♣♣♣.....♣♣..##
###..##.##### ♣8......♣
♣...♣..#
####..#.#######♣@..⌠.♣♣♣
♣♣♣♣.#..
...............♣8.....♣♣ #..#.
########.##.#..♣..♣♣♣♣.♣♣♣
#.... ########......#♣♣.♣
♣...♣♣##.### .........####.#
♣♣. ♣♣♣♣.....# ###########...#
.♣ ####### ##.### ♣. #....# ##
#....#


There were no monsters in sight!


Message History

A worm is nearby!
A worm is nearby!
A rat comes into view.
You hit the worm but do no damage. You grab the worm. You squeeze the worm.
You constrict the worm. The worm bites you. 😕 HP[-1]
You take 1 damage, and now have 25/26 hp.
You hit the worm. You constrict the worm. The worm bites you. 😮 HP[-6]
You take 6 damage, and now have 19/26 hp.
MASSIVE DAMAGE!! (PAUSE)
You hit the worm but do no damage. You constrict the worm.
You are too injured to fight recklessly!
Unknown command.
You are too injured to fight recklessly!
You hit the worm. You constrict the worm.
You kill the worm! 😕 HP[+1]
You closely miss the rat. Your grab misses the rat.
You block the rat's attack. x2
You see here a worm corpse.
You barely miss the rat. You grab the rat. You constrict the rat.
You kill the rat! 😕 HP[+1] Unknown command.
As you read the scroll labelled MIVVUMU BOASOWK, it crumbles to dust.
It is a scroll of identify.
e - a potion of flight
As you read the scroll of identify, it crumbles to dust.
j - a potion of degeneration
As you read the scroll of identify, it crumbles to dust.
g - a scroll of amnesia 😕 HP[+1]
f - a scroll of identify 😎 HP[+4]
Your hp is fully restored (26).
You see here a worm corpse.
Key pressed, stopping explore.
m - a scroll labelled REUN USEOXUWEHI
Found a stone staircase leading down.
Found a stone staircase leading down.
As you read the scroll of identify, it crumbles to dust.
h - a scroll of torment You now have 32 gold pieces (gained 7).
Found a stone staircase leading down.
f - a scroll of identify No target in view!
n - a clear potion Key pressed, stopping explore.
No target in view!
No target in view!
There is a stone staircase leading down here.
There is a stone staircase leading down here.
There is a stone staircase leading down here.
An adder comes into view.
The adder hisses angrily.
An adder is nearby!
An adder is nearby!
An adder is nearby!
As you read the scroll of identify, it crumbles to dust.
n - a potion of ambrosia You hit the adder.
You grab the adder. You constrict the adder. You block the adder's attack.
The adder misses you.
You hit the adder. You constrict the adder.
You kill the adder!
No target in view!
Key pressed, stopping explore.
Unknown command.
Key pressed, stopping explore.
Key pressed, stopping explore.
f - a scroll labelled RURGHA ECISSOUKY Key pressed, stopping explore.
A giant cockroach comes into view.
Found a faded altar of an unknown god.
A giant cockroach is nearby!
A giant cockroach is nearby!
A giant cockroach is nearby!
The helpless giant cockroach fails to defend itself.
You slash the giant cockroach!
You kill the giant cockroach!
No target in view!
Unknown command.
An endoplasm comes into view.
An endoplasm is nearby!
An endoplasm is nearby!
An endoplasm is nearby!
The helpless endoplasm fails to defend itself.
You hit the endoplasm. You squeeze the endoplasm.
You kill the endoplasm!
No target in view!
Unknown command.
No target in view!
There is a faded altar of an unknown god here.
This altar belongs to (a) Elyvilon, (b) Vehumet or (c) Jiyva, but you can't tell which.
Press the corresponding letter to learn more about a god, or press enter to convert or escape to cancel.
Vehumet accepts your prayer! Vehumet welcomes you!
You can now gain magical power from killing.
Vehumet offers you knowledge of Magic Dart.
Unknown command.
Press < or > to pray at altars.
Are you sure you want to abandon this character and quit the game? (Confirm with "yes".)

Skill      XL: |  1  2  3 |
---------------+----------+-----
Long Blades    | 3 |  3.2
Fighting       | |  3.0
Dodging        | |  3.0
Shields        | |  3.9

Action                     || total
---------------------------++-------
  Melee: Long sword        ||    48
         Constrict         ||    12
         Tentacles         ||     5
    Use: Scroll            ||     5
   Stab: Sleeping          ||     6
  Dodge: Dodged            ||    23
  Block: Buckler           ||     4

Levels and vault maps discovered:
D:1:      saegor_arrival_simple_e, layout_loops_ring
D:2:      layout_rooms, shapermc_ecumenical_altar_totnotflames

Notes
Turn   | Place    | Note
-------+----------+-------------------------------------------
     0 | D:1      | ytrimaz the Octopode Fighter began the quest for the Orb.
     0 | D:1      | Reached XP level 1. HP: 16/16 MP: 1/1
     0 | D:1      | magus.rc [v1.9.6]
   119 | D:1      | Reached XP level 2. HP: 21/21 MP: 2/2
   349 | D:1      | You pick up a book of Blasting and begin reading...
   349 | D:1      | You add the spells Volatile Blastmotes, Fulminant Prism,
                  | Iskenderun's Mystic Blast and Lee's Rapid Deconstruction to
                  | your library.
   616 | D:1      | Reached XP level 3. HP: 26/26 MP: 3/3
   900 | D:2      | Reached skill level 3 in Long Blades
  1203 | D:2      | Found a faded altar of an unknown god.
  1240 | D:2      | Prayed at the altar of an unknown god.
  1240 | D:2      | Became a worshipper of Vehumet
  1240 | D:2      | Reached * piety under Vehumet
  1240 | D:2      | Offered knowledge of Magic Dart by Vehumet.
  1241 | D:2      | Quit the game

Vanquished Creatures
  2 adders (D:2)
  A worm (D:2)
  A dart slug (D:1)
  4 ball pythons
  A bat (D:1)
  6 endoplasms
  A giant cockroach (D:2)
  2 goblins
  2 hobgoblins
  2 quokkas (D:1)
  2 kobolds
  4 rats
28 creatures vanquished.

Table legend:
 A = Non-vault XP
 B = Vault XP
 C = Vault XP percentage of total XP
 D = Non-vault monster count
 E = Vault monster count
 F = Vault count percentage of total count
                 A         B        C        D         E       F
            +---------+---------+-------+---------+---------+-------
      Total |      77 |       0 |   0.0 |      28 |       0 |   0.0
            +---------+---------+-------+---------+---------+-------
        D:1 |      34 |       0 |   0.0 |      18 |       0 |   0.0
        D:2 |      43 |       0 |   0.0 |      10 |       0 |   0.0
            +---------+---------+-------+---------+---------+-------

Skill      XL: |  1  2  3 |
---------------+----------+-----
Long Blades    | 3 |  3.2
Fighting       | |  3.0
Dodging        | |  3.0
Shields        | |  3.9

Action                     || total
---------------------------++-------
  Melee: Long sword        ||    48
         Constrict         ||    12
         Tentacles         ||     5
    Use: Scroll            ||     5
   Stab: Sleeping          ||     6
  Dodge: Dodged            ||    23
  Block: Buckler           ||     4

Illustrated notes

Table legend:
 A = Kills in this place as a percentage of kills in the entire game.
 B = Kills by you in this place as a percentage of kills by you in the entire game.
 C = Kills by friends in this place as a percentage of kills by friends in the entire game.
 D = Other kills in this place as a percentage of other kills in the entire game.
 E = Experience gained in this place as a percentage of experience gained in the entire game.
 F = Experience gained in this place divided by the number of levels of this place that you have seen.
                   A       B       C       D       E      F
               +-------+-------+-------+-------+-------+----------------------
         Total | 100.0 | 100.0 |   N/A |   N/A | 100.0 |  38.5
       Dungeon | 100.0 | 100.0 |   N/A |   N/A | 100.0 |  38.5
               +-------+-------+-------+-------+-------+----------------------

Table legend: (Time is in decaauts)
 A = Elapsed time spent in this place.
 B = Non-inter-level travel time spent in this place.
 C = Inter-level travel time spent in this place.
 D = Time resting spent in this place.
 E = Time spent auto-exploring this place.
 F = Levels seen in this place.
 G = Mean time per level.
                   A        B        C        D        E       F      G
               +--------+--------+--------+--------+--------+-----+--------+
         Total |   1255 |   1203 |     52 |      0 |    977 |   2 |  627.5 |
       Dungeon |   1255 |   1203 |     52 |      0 |    977 |   2 |  627.5 |
               +--------+--------+--------+--------+--------+-----+--------+

Top non-repeatable levels by time:
     D:1: 720 daAuts
     D:2: 535 daAuts
